 Dungeon Crawl Stone Soup version 0.29-a0-613-gf2c431b9b9 (webtiles) character file.

Game seed: 2546651264641391347

1292 DocClef the Fighter (level 8, -5/78 (82) HPs)
             Began as a White Draconian Fighter on June 16, 2022.
             Slain by a wight
             ... wielding a +3 great sword
              (15 damage)
             ... on level 6 of the Dungeon.
             The game lasted 00:04:51 (4252 turns).

DocClef the Fighter (White Draconian Fighter)       Turns: 4252, Time: 00:04:52

HP:   -5/78 (82)    AC:  6    Str: 20    XL:     8   Next: 30%
MP:   8/8           EV: 11    Int: 14    God:
Gold: 349           SH:  5    Dex: 10    Spells: 7/7 levels left

rFire   + . .      SeeInvis +   l - +8 whip "Leammilao" {venom, Int+4 SInv}
rCold   + . .      Faith    .   b - +1 buckler
rNeg    . . .      Spirit   .   (body armour unavailable)
rPois   .          Reflect  .   (helmet restricted)
rElec   .          Harm     .   p - scarf {repulsion}
rCorr   .          Rampage  .   (no gloves)
Will    .....                   (no boots)
Stlth   +.........              o - amulet of regeneration
HPRegen 1.03/turn               k - ring of protection from fire
MPRegen 0.11/turn               (no ring)

@: lightly drained, repel missiles
A: breathe frost, AC +6, unfitting armour, cold resistance 1, cold-blooded
a: Breathe Frost


You were on level 6 of the Dungeon.
You visited 1 branch of the dungeon, and saw 6 of its levels.

You collected 349 gold pieces.

Inventory:

Hand Weapons
 a - a +1 war axe of venom
 l - the +8 whip "Leammilao" (weapon) {venom, Int+4 SInv}
   (You found it on level 2 of the Dungeon)

   It poisons the flesh of those it strikes.
   Int:       It affects your intelligence (+4).
   SInv:      It lets you see invisible.
Armour
 b - a +1 buckler (worn)
 p - a scarf of repulsion (worn)
Jewellery
 e - a ring of flight
 k - a ring of protection from fire (left hand)
 n - an amulet of reflection
 o - an amulet of regeneration (around neck)
Wands
 g - a wand of polymorph (5)
 r - a wand of iceblast (4)
Scrolls
 i - 4 scrolls of identify
 q - a scroll of immolation {unknown}
 t - 6 scrolls of teleportation
 u - 2 scrolls of amnesia
 v - 2 scrolls of vulnerability
Potions
 c - a potion of might
 d - a potion of curing
 f - 3 potions of heal wounds
 h - 2 potions of magic
 j - a potion of ambrosia
 m - a potion of haste
 s - 3 potions of brilliance
 w - a potion of lignification {unknown}


   Skills:
 + Level 11.5 Fighting
 - Level 2.0 Axes
 - Level 2.6 Dodging
 - Level 3.0 Shields


You had 7 spell levels left.
You didn't know any spells.
Your spell library contained the following spells:

 Spells                   Type           Power      Damage    Failure   Level
 Apportation              Tloc           0%         N/A       36%         1
 Necrotize                Necr           0%         1d4       36%         1
 Summon Small Mammal      Summ           0%         N/A       36%         1
 Sublimation of Blood     Necr           0%         N/A       50%         2
 Wereblood                Tmut           0%         N/A       50%         2
 Ignite Poison            Fire/Tmut/Pois 0%         N/A       75%         3
 Mephitic Cloud           Conj/Pois/Air  0%         N/A       75%         3
 Freezing Cloud           Conj/Ice/Air   0%         6-21      100%        5
 Malign Gateway           Summ/Tloc      0%         N/A       100%        7
 Summon Hydra             Summ           0%         N/A       100%        7
 Summon Horrible Things   Summ           0%         N/A       100%        8


Dungeon Overview and Level Annotations

Branches:
Dungeon (6/15)
 Temple: D:4-7

Altars:


Innate Abilities, Weirdness & Mutations

You can breathe waves of freezing cold which knock back foes.
Your icy white scales are hard. (AC +6)
You cannot fit into any form of body armour.
Your flesh is cold resistant. (rC+)
You are cold-blooded and may be slowed by cold attacks.


Message History

You are too injured to fight recklessly!
You are too injured to fight recklessly!
You are too injured to fight recklessly!
You are too injured to fight recklessly!
You are too injured to fight recklessly!
You are too injured to fight recklessly!
You are too injured to fight recklessly!
You are too injured to fight recklessly!
You hit the wight but do no damage. You tail-slap the wight.
The wight is moderately damaged.
You block the wight's attack.
You hit the wight.
Your tail-slap misses the wight.
The wight is severely damaged.
The wight hits you with a +2 scimitar of freezing!
You closely miss the wight.
The wight is severely damaged.
The wight hits you with a +2 scimitar of freezing.
* * * LOW HITPOINT WARNING * * *
You feel drained.
* * * LOW HITPOINT WARNING * * *
The wight freezes you.
* * * LOW HITPOINT WARNING * * *
You hit the wight.
The wight is almost destroyed.
The wight hits you with a +2 scimitar of freezing!
* * * LOW HITPOINT WARNING * * *
You feel drained.
* * * LOW HITPOINT WARNING * * *
The wight freezes you.
* * * LOW HITPOINT WARNING * * *
You barely miss the wight.
The wight is almost destroyed.
You block the wight's attack.
Unknown command.
You hit the wight.
You destroy the wight!
Unknown command.
The wight attacks as you move away!
The wight hits you with a +3 great sword!
You die...

.........)).................>##..
..#...#.#)#<#.######.##.#######..
..........)....# #.##.# #..
#####.#.#.#....#####.##.# #..
###...#.#.####.#.....##.# #..
......#.#..).....######.# #..
###...#.######.......##.# #..
......+.# #...###.##.# #..
###...### #..@....# #.. #####
###z.#### ### ##.# #z# #)# #.##
#..# ##.# ........#


You could see 2 wights.

Vanquished Creatures
  A steam dragon (D:6)
  An ice beast (D:6)
  A black bear (D:6)
  An ogre (D:5)
  A centaur (D:5)
  A phantom (D:6)
  A bullfrog (D:6)
  A kobold brigand (D:6)
  2 scorpions
  2 wights (D:6)
  2 hounds
  3 orc wizards
  6 gnolls
  7 adders
  A shadow imp (D:5)
  A white imp (D:4)
  2 ufetubi
  2 worms
  20 orcs
  2 bats (D:2)
  10 endoplasms
  4 giant cockroaches
  8 goblins
  A hobgoblin (D:2)
  14 kobolds
  2 quokkas
  8 ball pythons
  2 frilled lizards
  5 rats
112 creatures vanquished.

Notes
Turn   | Place    | Note
-------+----------+-------------------------------------------
     0 | D:1      | DocClef the Draconian Fighter began the quest for the Orb.
     0 | D:1      | Reached XP level 1. HP: 19/19 MP: 1/1
   157 | D:1      | Reached skill level 4 in Fighting
   157 | D:1      | Reached XP level 2. HP: 19/27 MP: 2/2
   529 | D:1      | Reached XP level 3. HP: 34/34 MP: 3/3
   951 | D:1      | Found a faded altar of an unknown god.
  1068 | D:2      | Reached skill level 5 in Fighting
  1350 | D:2      | Identified the +8 whip "Leammilao" {venom, Int+4 SInv}
  1363 | D:2      | Reached XP level 4. HP: 40/42 MP: 4/4
  2069 | D:3      | Reached skill level 6 in Fighting
  2093 | D:3      | Reached XP level 5. HP: 36/51 MP: 5/5
  2684 | D:4      | Reached skill level 7 in Fighting
  2698 | D:4      | Reached XP level 6. HP: 59/60 MP: 6/6
  3278 | D:5      | Entered Level 5 of the Dungeon
  3388 | D:5      | Reached skill level 8 in Fighting
  3668 | D:5      | Your scales start taking on an icy white colour.
  3668 | D:5      | Reached XP level 7. HP: 67/69 MP: 7/7
  3668 | D:5      | Gained mutation: Your flesh is cold resistant. (rC+) [White
                  | Draconian growth]
  3829 | D:6      | Noticed a steam dragon
  3836 | D:6      | Killed a steam dragon
  3837 | D:6      | Reached skill level 9 in Fighting
  3890 | D:6      | Reached skill level 10 in Fighting
  4217 | D:6      | Reached XP level 8. HP: 72/81 MP: 8/8
  4225 | D:6      | Reached skill level 11 in Fighting
  4252 | D:6      | Slain by a wight

Illustrated notes

Levels and vault maps discovered:
D:1:      dpeg_arrival_windows_large_door, layout_basic,
          shapermc_ecumenical_altar_mp_vishouse, minmay_misc_feat_x,
          minmay_splitting_lines
D:2:      layout_loops_ring
D:3:      layout_basic
D:4:      layout_gridville
D:5:      layout_basic
D:6:      layout_basic

Skill      XL: |  1  2  3  4  5  6  7  8 |
---------------+-------------------------+-----
Fighting       | 4 5 6 7 8 10 11 | 11.5
Axes           | |  2.0
Dodging        | |  2.6
Shields        | |  3.0

Action                   |  1- 3 |  4- 6 |  7- 9 || total
-------------------------+-------+-------+-------++-------
Melee: War axe           |    68 |       |       ||    68
       Tailslap          |     4 |    13 |    17 ||    34
       Whip              |     1 |   122 |    95 ||   218
  Use: Scroll            |     4 |     2 |     4 ||    10
       Potion            |     3 |     5 |       ||     8
 Stab: Sleeping          |     3 |     1 |       ||     4
Armor: Skin              |    13 |    30 |    42 ||    85
Dodge: Dodged            |    41 |    85 |    55 ||   181
       Repelled          |       |       |     1 ||     1
Block: Buckler           |    13 |    29 |    38 ||    80

Table legend: (Time is in decaauts)
 A = Elapsed time spent in this place.
 B = Non-inter-level travel time spent in this place.
 C = Inter-level travel time spent in this place.
 D = Time resting spent in this place.
 E = Time spent auto-exploring this place.
 F = Levels seen in this place.
 G = Mean time per level.
                   A        B        C        D        E       F      G
               +--------+--------+--------+--------+--------+-----+--------+
         Total |   4299 |   4160 |    139 |     33 |   3343 |   6 |  716.5 |
       Dungeon |   4299 |   4160 |    139 |     33 |   3343 |   6 |  716.5 |
               +--------+--------+--------+--------+--------+-----+--------+

Top non-repeatable levels by time:
     D:1: 986 daAuts
     D:3: 828 daAuts
     D:4: 784 daAuts
     D:2: 714 daAuts
     D:5: 577 daAuts
     D:6: 407 daAuts
